AoeStats
← BSV | Gabriel

Arabia

505111723Analyzed
1v1 RM · 24d ago on Sep 7, 2026· 22m 37s· 2 players
Game mode
Random Map
Map size
Tiny (2 player)
Population
200
Speed
Normal
Resources
Standard
Victory
Conquest
Starting age
Dark Age
Ending age
Imperial Age
RankedLock teamsTeams togetherTeam positionsShared explorationLock speedFull tech treeHidden civsTurbo modeCheats
Victory
Defeat
🇷🇺 Huns · Russia
1290
+15
🇻🇪 Huns · Venezuela
1265
-15
BSV | Gabriel
6:38 Loom
9:03 Feudal Age
10:20 Double-Bit Axe
16:41 Forging
19:12 Wheelbarrow
20:19 Scale Mail Armor
23:24 Castle Age
22:29 Scale Mail Armor
tdmlart
4:46 Loom
11:00 Feudal Age
17:07 Castle Age
17:30 Bloodlines
Connection lost

Rejoining the realm…

Still unreachable

The connection could not be restored.

Session expired

The server has moved on; the page needs a fresh start.